 Dungeon Crawl Stone Soup version 0.25.0-1-g7eea58d (webtiles) character file.

Game seed: 3595440981741966062

7106 yaymichael the Frost Mage (level 11, -4/91 HPs)
             Began as a Merfolk Ice Elementalist on June 14, 2020.
             Was a Follower of Vehumet.
             Slain by a komodo dragon (29 damage)
             ... on level 1 of the Lair of Beasts.
             The game lasted 00:43:16 (9741 turns).

yaymichael the Frost Mage (MfIE)                    Turns: 9741, Time: 00:43:18

Health: -4/91      AC: 11    Str:  9    XL:     11   Next: 10%
Magic:  29/32      EV: 14    Int: 19    God:    Vehumet [*.....]
Gold:   557        SH:  0    Dex: 15    Spells: 9/27 levels left

rFire    . . .     SeeInvis .   s - +5 short sword (venom)
rCold    . . .     Gourm    .   (no shield)
rNeg     . . .     Faith    .   F - +2 leather armour {rPois}
rPois    +         Spirit   .   q - +0 helmet
rElec    .         Reflect  .   h - +0 cloak
rCorr    .         Harm     .   j - +0 pair of gloves
MR       .....                  J - +2 pair of boots
Stlth    +++.......             H - amulet of magic regeneration
HPRegen  0.25/turn              o - ring of magical power
MPRegen  0.48/turn              (no ring)

@: frozen ramparts
A: change form in water, swift swim, stealthy swim, blink, clever 1, robust 1,
evolution 1
a: Blink, Renounce Religion


You were on level 1 of the Lair of Beasts.
You worshipped Vehumet.
Vehumet was aware of your devotion.
You were hungry.

You visited 3 branches of the dungeon, and saw 11 of its levels.

You collected 557 gold pieces.

Inventory:

Hand Weapons
 e - a +0 dagger
 i - a +1 demon trident of electrocution
 p - a +0 scythe
 s - a +5 short sword of venom (weapon)
 B - a +1 vorpal shortbow
 E - a +2 war axe of freezing
 G - a +0 trident
Missiles
 g - 4 javelins (quivered)
 m - 33 bolts
 D - 66 arrows
Armour
 h - a +0 cloak (worn)
 j - a +0 pair of gloves (worn)
 q - a +0 helmet (worn)
 y - the +1 robe of the Spheres {+Blink Regen+}
   (You found it on level 8 of the Dungeon)

   It lets you blink.
   It increases your rate of regeneration.
 F - a +2 leather armour of poison resistance (worn)
 J - a +2 pair of boots (worn)
Jewellery
 a - an uncursed ring of positive energy
 d - an uncursed ring of fire
 o - a ring of magical power (left hand)
 v - an uncursed amulet of reflection
 H - an amulet of magic regeneration (around neck)
Wands
 b - a wand of enslavement (6)
 K - a wand of polymorph (14)
 L - a wand of digging (6)
Scrolls
 n - 5 scrolls of teleportation
 w - 6 scrolls of fear
 C - a scroll of immolation
 I - a scroll of remove curse
Potions
 f - 3 potions of curing
 l - 2 potions of mutation
 r - 2 potions of magic
 t - a potion of resistance
 x - a potion of ambrosia
 A - a potion of flight
Comestibles
 c - 20 rations


   Skills:
 * Level 6.4 Fighting
 - Level 1.4 Short Blades
 * Level 6.9 Polearms
 + Level 0.3 Armour
 - Level 4.6 Dodging
 - Level 4.6 Stealth
 * Level 8.9 Spellcasting
 + Level 0.6 Conjurations
 + Level 0.9 Summonings
 * Level 10.7 Ice Magic
 * Level 4.6 Evocations


You had 9 spell levels left.
You knew the following spells:

 Your Spells              Type           Power        Failure   Level  Hunger
a - Freeze                Ice            ####         1%          1    None
b - Frozen Ramparts       Ice            #####.       1%          3    None
c - Ozocubu's Armour      Chrm/Ice       ####....     3%          3    None
d - Hailstorm             Conj/Ice       ####....     11%         4    ###....
e - Summon Ice Beast      Ice/Summ       ####....     10%         4    ###....
f - Tukima's Dance        Hex            #.......     34%         3    None

Your spell library contained the following spells:

 Spells                   Type           Power        Failure   Level  Hunger
 Foxfire                  Conj/Fire      #...         10%         1    None
 Summon Butterflies       Summ           ##......     8%          1    None
 Apportation              Tloc           #.....       12%         1    None
 Passwall                 Tmut/Erth      #.......     17%         2    None
 Shroud of Golubria       Chrm/Tloc      #.....       17%         2    None
 Recall                   Summ/Tloc      N/A          28%         3    None
 Gell's Gravitas          Tloc           #.........   34%         3    None
 Lesser Beckoning         Tloc           #.........   34%         3    None
 Summon Forest            Summ/Tloc      ##........   95%         5    #####..
 Bolt of Magma            Conj/Fire/Erth #.........   96%         5    #####..
 Alistair's Intoxication  Tmut/Pois      #.......     97%         5    #####..
 Invisibility             Hex            #.......     100%        6    ######.


Dungeon Overview and Level Annotations

Branches:
Dungeon (10/15)            Temple (1/1) D:5            Lair (1/6) D:10
    Orc (0/2) D:10

Altars:
Ashenzari
Cheibriados
Dithmenos
Elyvilon
Fedhas
Gozag
Hepliaklqana
Kikubaaqudgha
Makhleb
Nemelex Xobeh
Okawaru
Qazlal
Ru
Sif Muna
Trog
Uskayaw
Vehumet
Wu Jian
Xom
Yredelemnul

Shops:
D:6 *   D:10 [

Annotations:
D:5 Menkaure, Pikel, Prince Ribbit
D:7 3 runed translucent doors, auberdahn's ghost, novice TrWz


Innate Abilities, Weirdness & Mutations

You revert to your normal form in water.
You are very nimble and swift while swimming.
You are very stealthy in the water. (Stealth+)
You can translocate small distances at will.
Your mind is acute. (Int +2)
You are robust. (+10% HP)
You evolve.


Message History

The wall freezes the komodo dragon.
The komodo dragon seems to slow down.
Things that are here:
a chunk of flesh; a yak skeleton The hell hound is frozen!
The wall freezes the hell hound!
The hell hound is frozen!
The wall freezes the hell hound!
You kill the hell hound!
Vehumet accepts your kill.
The wall freezes the komodo dragon!
The komodo dragon seems to slow down.
Throwing (i - inventory)
g - 5 javelins (quivered)
Press: ? - help, Shift-Dir - straight line, f - komodo dragon
Aim: a komodo dragon (moderately wounded, slow)
You throw a javelin.
The javelin pierces through the komodo dragon but does no damage.
The komodo dragon is moderately wounded.
The frozen ramparts melt away.
Casting: Frozen Ramparts (safe; 1% risk of failure)
Confirm with . or Enter, or press ? or * to list all spells.
The walls around you are covered in ice.
The wall freezes the komodo dragon!
The komodo dragon bites you!!
You die...

.......#..# ....
.....)....# ...... ...
##P.###P..##.#...# ....
..........#.###.####....
........................
........................
........................
.......###..............
......## ##...%.@.......
......# ###.#l###....#
#.#P'## #.#(### ..#
.....# #.#..P# # .....+
..#..## ?....# .##...#
.....#. ###...##
......... ##.+.#
###.##... #..##


You could see a komodo dragon (slow).

Vanquished Creatures
  Urug (Lair:1)
  2 spiny frogs (Lair:1)
  2 komodo dragons
  A troll (D:10)
  Sigmund (D:5)
  2 hippogriffs
  A nameless horror (Lair:1)
  A wyvern (D:10)
  5 yaks (Lair:1)
  A water moccasin (shapeshifter) (D:6)
  A hell hound (Lair:1)
  A porcupine (Lair:1)
  A black bear (D:10)
  An orc warrior (D:8)
  An ice beast (D:10)
  5 ogres
  4 wolves (Lair:1)
  5 centaurs
  A big kobold (D:9)
  2 bullfrogs (D:6)
  A scorpion (D:6)
  6 killer bees (D:9)
  3 wights (D:7)
  3 howler monkeys
  A lava snake (D:9)
  7 crimson imps
  2 jellies
  A quasit (D:9)
  A bullfrog skeleton (D:6)
  6 hounds
  6 orc priests
  5 orc wizards
  2 iguanas
  5 worker ants
  2 worker ant zombies
  A gnoll (D:1)
  6 adders
  2 shadow imps (D:10)
  3 oozes
  An adder skeleton (D:9)
  A worm (D:2)
  3 leopard geckos
  20 orcs
  A ball python (D:5)
  4 giant cockroaches
  4 goblins
  6 hobgoblins
  12 jackals
  3 quokkas
  2 bats (D:1)
  4 frilled lizards
  8 kobolds
  A leopard gecko skeleton (D:9)
  5 rats
177 creatures vanquished.

Vanquished Creatures (collateral kills)
  A basilisk (Lair:1)
1 creature vanquished.

Vanquished Creatures (others)
  An orc (D:8)
  9 plants (D:10)
  A withered plant (D:5)
11 creatures vanquished.

Grand Total: 189 creatures vanquished

Notes
Turn   | Place    | Note
-------+----------+-------------------------------------------
     0 | D:1      | yaymichael the Merfolk Ice Elementalist began the quest for
                  | the Orb.
     0 | D:1      | Reached XP level 1. HP: 13/13 MP: 3/3
   307 | D:1      | Reached XP level 2. HP: 19/19 MP: 5/5
   686 | D:1      | Reached skill level 5 in Ice Magic
   819 | D:1      | Reached XP level 3. HP: 24/24 MP: 4/6
   928 | D:1      | Learned a level 3 spell: Frozen Ramparts
  1439 | D:2      | Found an ornate altar of the Wu Jian Council.
  1752 | D:2      | Reached XP level 4. HP: 30/30 MP: 7/7
  2107 | D:2      | You fall into a shaft and drop 2 floors!
  2270 | D:4      | Found a bloodstained altar of Trog.
  2334 | D:4      | Gained mutation: You evolve. [potion of mutation]
  2334 | D:4      | Gained mutation: You are robust. (+10% HP) [potion of
                  | mutation]
  2339 | D:4      | HP: 1/34 [orc priest/+0 hand axe (2)]
  2688 | D:4      | Reached XP level 5. HP: 29/39 MP: 0/9
  2693 | D:4      | Reached skill level 1 in Fighting
  2998 | D:4      | Reached XP level 6. HP: 39/47 MP: 5/11
  3046 | D:4      | Learned a level 3 spell: Ozocubu's Armour
  3413 | D:5      | Entered Level 5 of the Dungeon
  3588 | D:5      | Reached skill level 6 in Ice Magic
  3601 | D:5      | Found a bloodstained altar of Trog.
  3620 | D:5      | Found a staircase to the Ecumenical Temple.
  3629 | Temple   | Entered the Ecumenical Temple
  3829 | D:5      | Noticed Pikel
  3832 | D:5      | Noticed a phantom
  3833 | D:5      | Noticed Prince Ribbit
  4091 | D:5      | Learned a level 4 spell: Hailstorm
  4130 | D:5      | Noticed Sigmund
  4160 | D:5      | Reached skill level 1 in Short Blades
  4162 | D:5      | Killed Sigmund
  4162 | D:5      | Reached XP level 7. HP: 19/53 MP: 13/13
  4450 | D:5      | Found an ancient bone altar of Kikubaaqudgha.
  4452 | D:5      | Noticed Menkaure
  4656 | D:6      | Reached skill level 1 in Polearms
  4850 | D:6      | Reached skill level 7 in Ice Magic
  4850 | D:6      | Reached XP level 8. HP: 42/62 MP: 15/15
  4866 | D:6      | Learned a level 4 spell: Summon Ice Beast
  4998 | D:6      | You fall into a shaft and drop 3 floors!
  5222 | D:7      | Found a runed translucent gate.
  5222 | D:7      | Found a runed translucent gate.
  5222 | D:7      | Found a runed translucent gate.
  5222 | D:7      | Noticed auberdahn's ghost (novice TrWz)
  5476 | D:6      | Found a shimmering altar of Xom.
  5487 | D:6      | Found a transporter.
  5487 | D:6      | Noticed a queen bee
  5495 | D:6      | Found a transporter.
  5514 | D:6      | a queen bee changed into a black bear
  5613 | D:6      | Reached skill level 5 in Spellcasting
  5669 | D:6      | Found Ygipp's Elemental Accessories.
  5874 | D:6      | Gained mutation: You can translocate small distances at
                  | will. [evolution]
  6313 | D:8      | Found a burning altar of Makhleb.
  6553 | D:8      | Reached skill level 1 in Evocations
  6560 | D:8      | Got a sheer robe
  6571 | D:8      | Identified the +1 robe of the Spheres {+Blink Regen+} (You
                  | found it on level 8 of the Dungeon)
  6788 | D:8      | Identified the Incunabulum of Dusty Dislocation
  6930 | D:8      | Learned a level 3 spell: Tukima's Dance
  6949 | D:8      | Reached XP level 9. HP: 71/71 MP: 17/17
  6959 | D:8      | Reached skill level 8 in Ice Magic
  7191 | D:9      | Gained mutation: Your mind is acute. (Int +2) [evolution]
  7610 | D:9      | Found a stormy altar of Qazlal.
  7648 | D:9      | Found a radiant altar of Vehumet.
  7680 | D:9      | Became a worshipper of Vehumet
  7721 | D:10     | Entered Level 10 of the Dungeon
  7744 | D:10     | Reached skill level 5 in Polearms
  7822 | D:10     | Reached skill level 5 in Fighting
  7975 | D:10     | Found a staircase to the Lair.
  7976 | D:10     | Noticed a komodo dragon
  8052 | D:10     | Reached skill level 9 in Ice Magic
  8053 | D:10     | Killed a komodo dragon
  8172 | D:10     | Reached XP level 10. HP: 36/81 MP: 21/21
  8399 | D:10     | Found Esasireanaik's Specialty Armours.
  8416 | D:10     | Reached * piety under Vehumet
  8416 | D:10     | Offered knowledge of Foxfire by Vehumet.
  8496 | D:10     | Found a staircase to the Orcish Mines.
  9027 | Lair:1   | Entered Level 1 of the Lair of Beasts
  9141 | Lair:1   | Noticed a spiny frog
  9149 | Lair:1   | Killed a spiny frog
  9168 | Lair:1   | Reached skill level 10 in Ice Magic
  9194 | Lair:1   | Noticed a spiny frog
  9215 | Lair:1   | Killed a spiny frog
  9445 | Lair:1   | Noticed Urug
  9460 | Lair:1   | Killed Urug
  9725 | Lair:1   | Reached XP level 11. HP: 78/89 MP: 23/23
  9741 | Lair:1   | Slain by a komodo dragon

Illustrated notes

Levels and vault maps discovered:
D:1:      dpeg_arrival_windows_large_door, layout_basic
D:2:      layout_basic, old_standard_altar
D:4:      lemuel_upstairs_altar, layout_loops_cross, lemuel_doored_altar
D:5:      layout_basic, kiku_gazebo_garden_becter, kennysheep_mini,
          minmay_temple_entry_arrows, lightli_ossuary_entry_decrepit_ruins,
          basic_altar, first_ration, uniq_menkaure, uniq_sigmund,
          uniq_prince_ribbit1, uniq_pikel
D:6:      layout_rooms, gammafunk_temple_overflow_arena, grunt_decor_one_mirror,
          kennysheep_decorative_pillar, nicolae_elemental_shop
D:7:      layout_cave_pools, ebering_ghost_rock_garden
D:8:      layout_rooms, makhleb_grotto_becter, grunt_ogre_cave
D:9:      layout_big_octagon, kennysheep_mini_moat,
          lemuel_coloured_pillars_altar
D:10:     layout_rooms, david_lair_shrubbed, orc_0_dummy, nicolae_barding_shop
Temple:   nicolae_temple_figure_eight
Lair:1:   layout_regular_city, enter_volcano_3, uniq_urug

Skill      XL: |  1  2  3  4  5  6  7  8  9 10 |
---------------+-------------------------------+-----
Ice Magic      | 5 6 7 9 10 | 10.7
Dodging        | 3 4 |  4.6
Fighting       | 1 2 4 5 6 |  6.4
Stealth        | 3 4 |  4.6
Spellcasting   | 3 4 5 7 8 |  8.9
Short Blades   | 1 |  1.4
Polearms       | 2 3 5 6 |  6.9
Evocations     | 1 2 4 |  4.6
Armour         | |  0.3
Conjurations   | |  0.6
Summonings     | |  0.9

Action                   |  1- 3 |  4- 6 |  7- 9 | 10-12 || total
-------------------------+-------+-------+-------+-------++-------
Melee: Dagger            |    67 |    51 |       |       ||   118
       Short sword       |       |    32 |   226 |    64 ||   322
Throw: Javelin           |       |       |       |     1 ||     1
 Cast: Freeze            |    30 |    13 |       |       ||    43
       Frozen Ramparts   |     3 |    10 |    25 |    14 ||    52
       Summon Ice Beast  |       |       |       |     3 ||     3
       Hailstorm         |       |       |       |     3 ||     3
Evoke: Wand              |       |       |       |     6 ||     6
  Use: Scroll            |       |    11 |     9 |     3 ||    23
       Potion            |       |     6 |     1 |     5 ||    12
 Stab: Sleeping          |     5 |     1 |    10 |     1 ||    17
  Eat: Chunk             |     3 |     4 |    12 |     5 ||    24
       Ration            |       |     2 |       |       ||     2
Armor: Robe              |    12 |    31 |    36 |    14 ||    93
       Leather armour    |       |       |       |     2 ||     2
Dodge: Dodged            |    66 |    56 |   147 |    65 ||   334
Block: Other             |       |       |    40 |     8 ||    48
       Reflection        |       |       |     4 |     1 ||     5
